 Dungeon Crawl Stone Soup version 0.28-a0-1506-g3893175d92 (webtiles) character file.

Game seed: 14968189084645575139

452 HallandMoats the Skirmisher (level 7, -6/61 HPs)
             Began as a Ghoul Fighter on Jan 14, 2022.
             Was a Believer of Trog.
             Killed by divine providence
             ... invoked by an orc priest
              (14 damage)
             ... in the Ecumenical Temple.
             The game lasted 00:03:49 (3207 turns).

HallandMoats the Skirmisher (Ghoul Fighter)         Turns: 3207, Time: 00:03:50

Health: -6/61      AC: 11    Str: 20    XL:     7   Next: 4%
Magic:  6/6        EV:  6    Int:  5    God:    Trog [**....]
Gold:   199        SH:  0    Dex:  8    Spells: 6/6 levels left

rFire   . . .      SeeInvis .   f - +0 dagger (flame)
rCold   + . .      Faith    .   c - +0 buckler
rNeg    + + +      Spirit   .   g - +0 plate armour
rPois   ∞          Reflect  .   (no helmet)
rElec   .          Harm     .   (no cloak)
rCorr   .          Rampage  .   (no gloves)
Will    .....                   (no boots)
Stlth   ..........              (no amulet)
HPRegen 0.00/turn               (no ring)
MPRegen 0.10/turn               (no ring)

@: confused, inhibited regen
A: claws 1, cold resistance 1, negative energy resistance 3, inhibited
regeneration, torment resistance 2
a: Renounce Religion, Trog's Hand


You were in the Ecumenical Temple.
You worshipped Trog.
Trog was pleased with you.
You visited 2 branches of the dungeon, and saw 5 of its levels.

You collected 199 gold pieces.

Inventory:

Hand Weapons
 a - a +0 long sword
 f - a +0 dagger of flaming (weapon)
Armour
 b - a +0 scale mail
 c - a +0 buckler (worn)
 g - a +0 plate armour (worn)
Jewellery
 o - a ring of fire
Scrolls
 h - a scroll of fear {unknown}
 i - a scroll of magic mapping {unknown}
 j - a scroll of acquirement {unknown}
 n - 2 scrolls of identify {unknown}
 p - a scroll of enchant armour {unknown}
 q - a scroll of amnesia {unknown}
 r - a scroll of immolation {unknown}
Potions
 d - a potion of magic {unknown}
 e - a potion of attraction {unknown}
 k - a potion of mutation {unknown}
 l - a potion of curing {unknown}
 m - a potion of brilliance {unknown}


   Skills:
 * Level 5.1 Fighting
 * Level 4.0 Long Blades
 + Level 3.5 Armour
 + Level 2.1 Dodging
 + Level 3.5 Shields


You had 6 spell levels left.
You didn't know any spells.
Your spell library was empty.

Dungeon Overview and Level Annotations

Branches:
Dungeon (4/15)             Temple (1/1) D:4

Altars:
Trog


Innate Abilities, Weirdness & Mutations

You thrive by killing the living.
You are immune to poison.
You have sharp fingernails.
Your flesh is cold resistant. (rC+)
You are immune to negative energy. (rN+++)
You do not regenerate when monsters are visible.
You are immune to unholy pain and torment.


Message History

The orc wizard hits you with a +0 dagger.
The orc priest hits you but does no damage.
The orc priest hits you with a +0 dagger.
The orc priest miscasts a cantrip.
There is a staircase to the Ecumenical Temple here.
The orc wizard hits you but does no damage.
The orc priest miscasts a cantrip.
The orc priest hits you but does no damage.
You climb downwards.
Welcome to the Ecumenical Temple!
There is a staircase back to the Dungeon here.
You hit the orc priest but do no damage.
The orc wizard completely misses you.
The orc priest hits you but does no damage.
You hit the orc priest but do no damage.
The orc wizard hits you but does no damage.
The orc priest calls down the wrath of Beogh upon you.
Beogh smites you!
You hit the orc priest. You burn the orc priest.
The orc priest is heavily wounded.
The orc wizard mumbles some strange words.
The orc wizard flickers and vanishes!
Deactivating autopickup; reactivate with Ctrl-A.
You block the orc priest's attack.
You barely miss the orc priest.
The orc priest is heavily wounded.
Something completely misses you.
The orc priest hits you but does no damage.
You hit the orc priest but do no damage.
The orc priest is heavily wounded.
You hear some strange, mumbled words.
You are confused.
The orc priest looks encouraged for a moment.
A magic dart appears from out of thin air!
The magic dart hits you.
The orc priest calls down the wrath of Beogh upon you.
Beogh smites you!
* * * LOW HITPOINT WARNING * * *
The orc priest mumbles some strange prayers to Beogh against you.
Beogh smites you!
You die...

...♣♣♣...♣♣♣
..♣.......♣♣
♣♣.........♣♣
♣...........♣
♣♣...........♣♣
♣.......o.....♣
♣......<......♣
♣.............♣
♣♣...@.......♣♣
♣...........♣
♣♣.........♣♣
♣♣.......♣♣
♣♣♣...♣♣♣ ♣♣♣♣♣


You could see an orc priest.

Vanquished Creatures
  Sigmund (D:3)
  An ogre (D:2)
  A centaur skeleton (D:4)
  An iguana (D:2)
  A hound skeleton (D:4)
  A gnoll (D:1)
  5 adders
  3 dart slugs
  7 bats
  7 endoplasms
  12 goblins
  12 hobgoblins
  2 jackals (D:3)
  10 kobolds
  3 quokkas
  8 ball pythons
  5 frilled lizards
  7 rats
  A spectral kobold (D:1)
88 creatures vanquished.

Notes
Turn   | Place    | Note
-------+----------+-------------------------------------------
     0 | D:1      | HallandMoats the Ghoul Fighter began the quest for the Orb.
     0 | D:1      | Reached XP level 1. HP: 19/19 MP: 0/0
    73 | D:1      | Reached XP level 2. HP: 17/26 MP: 1/1
   372 | D:1      | Reached XP level 3. HP: 28/31 MP: 2/2
   415 | D:1      | Found a faded altar of an unknown god.
   478 | D:1      | Prayed at the altar of an unknown god.
   478 | D:1      | Became a worshipper of Trog the Wrathful
   478 | D:1      | Reached * piety under Trog
   729 | D:1      | Reached skill level 1 in Dodging
   938 | D:2      | Reached XP level 4. HP: 36/40 MP: 3/3
   988 | D:2      | You fall into a shaft and drop 1 floor!
  1130 | D:2      | Reached skill level 4 in Fighting
  1490 | D:2      | Noticed an ogre
  1499 | D:2      | Killed an ogre
  1499 | D:2      | Reached ** piety under Trog
  1500 | D:2      | Reached XP level 5. HP: 17/47 MP: 4/4
  2572 | D:3      | Noticed Sigmund
  2591 | D:3      | Killed Sigmund
  2592 | D:3      | Reached XP level 6. HP: 42/55 MP: 5/5
  2675 | D:3      | Reached skill level 5 in Fighting
  3098 | D:4      | Found a staircase to the Ecumenical Temple.
  3190 | D:4      | Reached XP level 7. HP: 38/61 MP: 6/6
  3199 | Temple   | Entered the Ecumenical Temple
  3207 | Temple   | Killed from afar by an orc priest

Illustrated notes

Levels and vault maps discovered:
D:1:      psy_arrival_conway, layout_rooms,
          dreamdust_ecumenical_altar_drowned_temple, minmay_pentomino_s4
D:2:      layout_basic
D:3:      layout_loops_ring, uniq_sigmund
D:4:      layout_rooms, temple_fountains
Temple:   mainiacjoe_temple_starburst

Skill      XL: |  1  2  3  4  5  6 |
---------------+-------------------+-----
Long Blades    | 2 3 4 |  4.0
Armour         | 3 |  3.5
Dodging        | 1 2 |  2.1
Fighting       | 4 5 |  5.1
Shields        | 3 |  3.5

Action                   |  1- 3 |  4- 6 |  7- 9 || total
-------------------------+-------+-------+-------++-------
Melee: Long sword        |    47 |       |       ||    47
       Dagger            |   121 |   244 |     5 ||   370
  Use: Potion            |       |     1 |       ||     1
Armor: Scale mail        |    30 |       |       ||    30
       Plate armour      |    98 |   156 |     6 ||   260
Dodge: Dodged            |    51 |    55 |     3 ||   109
Block: Buckler           |    29 |    37 |     1 ||    67

Table legend: (Time is in decaauts)
 A = Elapsed time spent in this place.
 B = Non-inter-level travel time spent in this place.
 C = Inter-level travel time spent in this place.
 D = Time resting spent in this place.
 E = Time spent auto-exploring this place.
 F = Levels seen in this place.
 G = Mean time per level.
                   A        B        C        D        E       F      G
               +--------+--------+--------+--------+--------+-----+--------+
         Total |   3221 |   3161 |     60 |      0 |   2343 |   5 |  644.2 |
       Dungeon |   3213 |   3153 |     60 |      0 |   2343 |   4 |  803.2 |
        Temple |      7 |      7 |      0 |      0 |      0 |   1 |    7.0 |
               +--------+--------+--------+--------+--------+-----+--------+

Top non-repeatable levels by time:
     D:2: 1340 daAuts
     D:3: 903 daAuts
     D:1: 839 daAuts
     D:4: 130 daAuts
  Temple: 7 daAuts
